 Dungeon Crawl Stone Soup version 0.28.0-43-g3370ac3207 (webtiles) character file.

Game seed: 3877913299626821091

4 sizableburger the Skirmisher (level 1, -1/18 HPs)
             Began as a Mummy Abyssal Knight on Mar 10, 2022.
             Was a Follower of Lugonu.
             Slain by a kobold
             ... wielding a +0 short sword
              (3 damage)
             ... on level 1 of the Dungeon.
             The game lasted 00:00:15 (349 turns).

sizableburger the Skirmisher (Mummy Abyssal Knight)  Turns: 349, Time: 00:00:16

Health: -1/18      AC:  3    Str: 16    XL:     1   Next: 58%
Magic:  2/2        EV: 11    Int:  9    God:    Lugonu [*.....]
Gold:   18         SH:  0    Dex: 12    Spells: 0/0 levels left

rFire   x . .      SeeInvis .   a - +1 hand axe
rCold   + . .      Faith    .   (no shield)
rNeg    + + +      Spirit   .   b - +0 leather armour
rPois   ∞          Reflect  .   (no helmet)
rElec   .          Harm     .   (no cloak)
rCorr   .          Rampage  .   (no gloves)
Will    .....                   (no boots)
Stlth   +.........              (no amulet)
HPRegen 0.06/turn               (no ring)
MPRegen 0.08/turn               (no ring)

@: no status effects
A: cold resistance 1, negative energy resistance 3, torment resistance 2, heat
vulnerability 1, no potions
a: Renounce Religion, Depart the Abyss


You were on level 1 of the Dungeon.
You worshipped Lugonu.
Lugonu was aware of your devotion.
You visited 1 branch of the dungeon, and saw 1 of its levels.
You visited the Abyss 1 time.

You collected 18 gold pieces.

Inventory:

Hand Weapons
 a - a +1 hand axe (weapon)
Armour
 b - a +0 leather armour (worn)
Scrolls
 c - a scroll of teleportation {unknown}
 d - a scroll of enchant weapon {unknown}
 e - a scroll of identify {unknown}


   Skills:
 + Level 3.1 Fighting
 + Level 1.7 Axes
 - Level 1.5 Armour
 - Level 0.7 Dodging
 - Level 1.6 Invocations


You couldn't memorise any spells.
You didn't know any spells.
Your spell library was empty.

Dungeon Overview and Level Annotations

Branches:
Dungeon (1/15)

Altars:


Innate Abilities, Weirdness & Mutations

You are immune to poison.
Your flesh is cold resistant. (rC+)
You are immune to negative energy. (rN+++)
You are immune to unholy pain and torment.
You are vulnerable to heat. (rF-)
You do not drink.


Message History

Lugonu accepts your kill.
No target in view!
No target in view!
e - a scroll labelled XAERCHO ODUDAOM You open the door.
A kobold and a dart slug come into view.
There are monsters nearby!
The kobold misses you. The dart slug launches a dart at you.
The slug dart hits you.
There is an open door here.
You hit the kobold but do no damage. The kobold misses you.
You barely miss the kobold. The kobold closely misses you.
You closely miss the kobold. The kobold barely misses you.
You hit the dart slug.
The dart slug is moderately wounded.
You barely miss the kobold.
The kobold hits you with a +0 short sword.
The dart slug launches a dart at you. The slug dart hits you.
The kobold hits you with a +0 short sword.
* * * LOW HITPOINT WARNING * * *
You are too injured to fight recklessly!
You are too injured to fight recklessly!
You are too injured to fight recklessly!
You barely miss the dart slug.
The dart slug is moderately wounded.
The dart slug launches a dart at you. The slug dart hits you.
* * * LOW HITPOINT WARNING * * *
You hit the dart slug.
The dart slug is heavily wounded.
The dart slug bites you but does no damage.
You slash the dart slug!
You kill the dart slug!
Lugonu accepts your kill.
You hit the kobold.
The kobold is moderately wounded.
The kobold hits you with a +0 short sword.
You die...

#....)..
##...... #.
###...# #.#
######
..###....#
###############
#.#...#...
#.............#
#.##..##.#
##.##########.#
#.#(..#... #.#
#@# #.##.#..##
#.# #K#
#..####### #.#
...........#
#......... #.#
####.......#
#........#
#.##.#
#.......#
#........#
#.##.#
#.......#
#........#
#.##.#
#.......#
#.########
#.##.#
........# #.#
#.##.#
.........# #.#


You could see a kobold.

Vanquished Creatures
  A dart slug (D:1)
  A hobgoblin (D:1)
  A frilled lizard (D:1)
3 creatures vanquished.

Notes
Turn   | Place    | Note
-------+----------+-------------------------------------------
     0 | Abyss:1  | sizableburger the Mummy Abyssal Knight began the quest for
                  | the Orb.
     0 | Abyss:1  | Reached XP level 1. HP: 18/18 MP: 2/2
     9 | D:1      | Escaped the Abyss
   349 | D:1      | Slain by a kobold

Illustrated notes

Levels and vault maps discovered:
D:1:      dpeg_arrival_three_same_balls, layout_basic, serial_shops, shop

Action                   || total
-------------------------++-------
Melee: Hand axe          ||    10
Armor: Leather armour    ||     1
Dodge: Dodged            ||     4
